 Dungeon Crawl Stone Soup version 0.13.1-28-g3517093 (console) character file.

397 Lucky the Chopper (level 6, -2/76 (79) HPs)
             Began as a Hill Orc Berserker on Mar 15, 2014.
             Was a Follower of Trog.
             Slain by an orc warrior
             ... wielding a -1,+1 orcish great mace
              (15 damage)
             ... on Level 6 of the Dungeon.
             The game lasted 00:03:05 (639 turns).

Lucky the Chopper (Hill Orc Berserker)               Turns: 639, Time: 00:03:05

HP  -2/76 (79)   AC 12     Str 25      XL: 6   Next: 47%
MP   5/5         EV  6     Int  7      God: Trog [*.....]
Gold 75          SH  0     Dex 12      Spells:  0 memorised,  5 levels left

Res.Fire  : . . .   See Invis. : .   a - +0 orc hand axe {=f}
Res.Cold  : . . .   Warding    : .   g - +1 plate armour
Life Prot.: . . .   Conserve   : .   (no shield)
Res.Poison: .       Res.Corr.  : .   (no helmet)
Res.Elec. : .       Clarity    : .   (no cloak)
Sust.Abil.: . .     Spirit.Shd : .   (no gloves)
Res.Mut.  : .       Stasis     : .   (no boots)
Res.Rott. : .       Flight     : .   (no amulet)
Saprovore : + . .                    (no ring)
                                     (no ring)

@: mighty, berserking, mildly poisoned, rotting, very quick, slightly resistant
to hostile enchantments, extremely unstealthy
A: saprovore 1
a: Burn Spellbooks, Berserk, Renounce Religion


You were on level 6 of the Dungeon.
You worshipped Trog.
Trog was aware of your devotion.
You were not hungry.

You visited 1 branch of the dungeon, and saw 6 of its levels.

You collected 55 gold pieces.

Inventory:

Hand weapons
 a - a +0,+0 orcish hand axe (weapon) {=f}
Armour
 g - a +1 plate armour (worn)
Comestibles
 b - a bread ration
 c - a meat ration
 k - 3 chunks of ogre flesh
Scrolls
 d - 2 scrolls of enchant weapon I {unknown}
 e - a scroll of teleportation {unknown}
 h - a scroll of identify {unknown}
Potions
 i - a potion of curing {unknown}
 j - a potion of restore abilities {unknown}


   Skills:
 + Level 5.1 Fighting
 * Level 7.2 Axes
 + Level 4.0 Armour
 - Level 1.5 Dodging


You had 5 spell levels left.
You didn't know any spells.

Dungeon Overview and Level Annotations

Branches:
Dungeon (6/27)
 Temple: D:4-7          Orc: D:6-11

Altars:
Nemelex Xobeh

Annotations:
D:5 Paper's ghost, average HOBe


Innate Abilities, Weirdness & Mutations

You can tolerate rotten meat.


Message History

The orc warrior is severely wounded.
You feel sick. The giant mite closely misses you.
The orc warrior hits you with an orcish great mace.
Use which ability? (? or * to list)
A red film seems to cover your vision as you go berserk!
You feel yourself moving faster!
You feel mighty!
You feel somewhat more hungry. The giant mite bites you.
You are more poisoned.
The giant mite poisons you!
The orc warrior hits you with an orcish great mace!
* * * LOW HITPOINT WARNING * * *
You closely miss the orc warrior.
The orc warrior is severely wounded.
The giant mite bites you but does no damage.
You slash the orc warrior!
The orc warrior is almost dead.
The giant mite bites you.
* * * LOW HITPOINT WARNING * * *
The orc warrior hits you with an orcish great mace!
You die...

### ..#
#.# #.#
#.# #.#
#.# #.#
#s# #.#
#@# #.#
#o# ...
#o#.#.#
#.#o#.#
#.#..<#
#.###.#
#...o.#
#######


You could see an orc warrior, a giant mite and an orc.

Vanquished Creatures
  A necrophage (D:6)
  2 ogres
  A crimson imp (D:5)
  An adder (D:2)
  An inept feature mimic (D:3)
  A giant eyeball (D:5)
  A bat (D:2)
  A giant cockroach (D:3)
  3 hobgoblins
  A giant newt (D:5)
  A kobold skeleton (D:3)
  A kobold zombie (D:3)
  4 rats
19 creatures vanquished.

Notes
Turn   | Place    | Note
--------------------------------------------------------------
     0 | D:1      | Lucky, the Hill Orc Berserker, began the quest for the Orb.
     0 | D:1      | Reached XP level 1. HP: 19/19 MP: 0/0
    78 | D:1      | You fall through a shaft!
    81 | D:2      | Reached XP level 2. HP: 26/26 MP: 1/1
   270 | D:3      | Reached XP level 3. HP: 30/33 MP: 2/2
   297 | D:3      | Reached skill level 5 in Axes
   354 | D:4      | Noticed an ogre
   362 | D:4      | Killed an ogre
   362 | D:4      | Reached XP level 4. HP: 40/40 MP: 3/3
   479 | D:4      | Found a sparkling altar of Nemelex Xobeh.
   532 | D:5      | Entered Level 5 of the Dungeon
   536 | D:5      | Paralysed by a giant eyeball for 3 turns
   542 | D:5      | Paralysed by a giant eyeball for 4 turns
   562 | D:5      | Reached skill level 6 in Axes
   562 | D:5      | Reached XP level 5. HP: 44/46 MP: 4/4
   572 | D:5      | Noticed an ogre
   579 | D:5      | Killed an ogre
   579 | D:5      | Reached XP level 6. HP: 53/53 MP: 5/5
   599 | D:5      | Noticed Paper's ghost (average HOBe)
   609 | D:6      | Noticed a necrophage
   629 | D:6      | Killed a necrophage
   629 | D:6      | Reached skill level 5 in Fighting
   629 | D:6      | Reached skill level 7 in Axes
   639 | D:6      | Slain by an orc warrior

Action                   |  1- 3 |  4- 6 || total
-------------------------+-------+-------++-------
Melee: Hand axe          |    39 |    33 ||    72
Invok: Berserk           |     2 |     2 ||     4
  Use: Potion            |       |     1 ||     1
